 Dungeon Crawl Stone Soup version 0.24-a0-639-gb70a11d811 (webtiles) character file.

Game seed: 18117258796770080761, levelgen mode: deterministic

983 Peloso the Slasher (level 7, -3/61 HPs)
             Began as a Minotaur Fighter on Sept 22, 2019.
             Slain by Prince Ribbit (8 damage)
             ... on level 5 of the Dungeon.
             The game lasted 00:10:00 (3773 turns).

Peloso the Slasher (Minotaur Fighter)               Turns: 3773, Time: 00:10:00

Health: -3/61      AC: 10    Str: 21    XL:     7   Next: 96%
Magic:  6/6        EV:  7    Int: 10    God:
Gold:   324        SH: 11    Dex: 11    Spells: 6/6 levels left

rFire    . . .     SeeInvis .   a - +0 long sword
rCold    . . .     Gourm    +   c - +1 shield
rNeg     + . .     Faith    .   b - +0 chain mail
rPois    .         Spirit   .   (helmet restricted)
rElec    .         Reflect  .   (no cloak)
rCorr    .         Harm     .   (no gloves)
MR       .....                  (no boots)
Stlth    ..........             u - amulet of Qazlal's Regard {Gourm *Corrode Int+5 Stlth+}
HPRegen  0.20/turn              n - ring of positive energy
MPRegen  0.10/turn              (no ring)

@: no status effects
A: retaliatory headbutt, horns 2
a: no special abilities


You were on level 5 of the Dungeon.
You were near starving.

You visited 1 branch of the dungeon, and saw 6 of its levels.

You collected 324 gold pieces.

Inventory:

Hand Weapons
 a - a +0 long sword (weapon)
Armour
 b - a +0 chain mail (worn)
 c - a +1 shield (worn)
Jewellery
 n - a ring of positive energy (left hand)
 u - the amulet of Qazlal's Regard (around neck) {Gourm *Corrode Int+5 Stlth+}
   (You found it on level 5 of the Dungeon)

   [amulet of the gourmand]

   It allows you to eat raw meat even when not hungry.
   It affects your intelligence (+5).
   It may corrode you when you take damage.
   It makes you more stealthy.
Wands
 e - a wand of acid (5)
 j - a wand of flame (26)
Scrolls
 g - a scroll of amnesia
 h - 3 scrolls of enchant armour
 l - 2 scrolls of teleportation
 m - 4 scrolls of remove curse
 o - 2 scrolls of noise
 p - a scroll of blinking {unknown}
 q - a scroll of fog
 s - a scroll of identify
Potions
 d - 3 potions of might
 i - 2 potions of flight
 k - a potion of lignification {unknown}
 r - a potion of mutation {unknown}
 t - a potion of haste {unknown}
Comestibles
 f - 6 rations


   Skills:
 + Level 5.3 Fighting
 + Level 7.2 Long Blades
 + Level 5.9 Armour
 + Level 2.5 Dodging
 + Level 0.4 Stealth
 + Level 6.1 Shields


You had 6 spell levels left.
You didn't know any spells.
Your spell library was empty.

Dungeon Overview and Level Annotations

Branches:
Dungeon (6/15)
 Temple: D:4-7

Altars:
Nemelex Xobeh
Wu Jian

Annotations:
D:5 Prince Ribbit


Innate Abilities, Weirdness & Mutations

You reflexively headbutt those who attack you in melee.
You have a pair of horns on your head.


Message History

There is a stone staircase leading down here.
Okay, then.
You hit the orc.
The orc is almost dead.
Prince Ribbit hits you!
* * * LOW HITPOINT WARNING * * *
You block the orc's attack.
You slash the orc!
You kill the orc!
You block Prince Ribbit's attack. x2
Unknown command.
You slash Prince Ribbit!
Prince Ribbit is severely wounded.
Prince Ribbit casts a spell.
Prince Ribbit looks slightly unstable.
Unknown command.
You miss Prince Ribbit.
Prince Ribbit is severely wounded.
Prince Ribbit hits you!
You die...

#.....(#..........#....#
#.................#.##.#
#........###.......###.#
#.#......###...........#
#.#......#.........#####
#.#......#.......###
#.#......#.......#
#.#...#'##...F...#
#.#####.###...@..#
#.#####.# #....).#
#.....#.# ########
#.....#.# #.....#.#
#.#####.# #.# #.#
#.#####.# #.......#


You could see Prince Ribbit.

Vanquished Creatures
  An ice beast (D:5)
  A centaur (D:5)
  An ogre (D:5)
  2 crimson imps
  5 orc priests
  2 hounds
  2 bullfrog skeletons
  2 orc wizards
  2 worker ants (D:4)
  Natasha (twice) (D:2)
  A hound skeleton (D:5)
  3 gnolls (D:4)
  10 adders
  An ooze (D:3)
  An adder skeleton (D:6)
  A dart slug (D:2)
  3 leopard geckos
  10 orcs
  2 ball pythons (D:3)
  4 giant cockroaches
  8 goblins
  10 hobgoblins
  12 jackals
  12 kobolds
  4 quokkas
  5 bats
  5 frilled lizards
  A giant cockroach zombie (D:5)
  A leopard gecko skeleton (D:5)
  5 rats
119 creatures vanquished.

Notes
Turn   | Place    | Note
-------+----------+-------------------------------------------
     0 | D:1      | Peloso the Minotaur Fighter began the quest for the Orb.
     0 | D:1      | Reached XP level 1. HP: 19/19 MP: 0/0
   114 | D:1      | Reached XP level 2. HP: 12/27 MP: 1/1
   441 | D:1      | Reached skill level 3 in Long Blades
   485 | D:1      | Reached XP level 3. HP: 33/33 MP: 2/2
   871 | D:2      | Noticed Natasha
   881 | D:2      | Killed Natasha
   881 | D:2      | Reached XP level 4. HP: 18/40 MP: 3/3
   919 | D:2      | Reached skill level 4 in Long Blades
  1046 | D:2      | Reached skill level 1 in Dodging
  1103 | D:2      | Found a faded altar of an unknown god.
  1165 | D:2      | Noticed Natasha
  1168 | D:2      | Killed Natasha
  1613 | D:3      | Reached XP level 5. HP: 41/46 MP: 4/4
  1864 | D:4      | Reached skill level 5 in Long Blades
  2004 | D:4      | Reached XP level 6. HP: 51/53 MP: 5/5
  2074 | D:4      | Reached skill level 5 in Shields
  2228 | D:4      | Found an ornate altar of the Wu Jian Council.
  2238 | D:4      | Found a sparkling altar of Nemelex Xobeh.
  2272 | D:5      | Entered Level 5 of the Dungeon
  2328 | D:5      | Reached skill level 6 in Long Blades
  2635 | D:5      | Reached skill level 5 in Fighting
  2670 | D:5      | Reached XP level 7. HP: 33/61 MP: 6/6
  2751 | D:5      | Reached skill level 5 in Armour
  3256 | D:5      | Got a scintillating diamond amulet
  3278 | D:5      | Reached skill level 7 in Long Blades
  3707 | D:6      | Noticed Prince Ribbit
  3713 | D:5      | Identified the amulet of Qazlal's Regard {Gourm *Corrode
                  | Int+5 Stlth+} (You found it on level 5 of the Dungeon)
  3773 | D:5      | Slain by Prince Ribbit

Levels and vault maps discovered:
D:1:      evilmike_arrival_hilbert_curve, layout_basic
D:2:      layout_loops_ring, chequers_ecumenical_altar_simple, uniq_natasha
D:3:      layout_rooms, first_ration, item_on_display_a
D:4:      layout_rooms, amethyst_overflow_temple_binary
D:5:      layout_basic
D:6:      layout_gridville, minmay_temple_entry_trees, uniq_edmund,
          uniq_duvessa, uniq_prince_ribbit1

Skill      XL: |  1  2  3  4  5  6  7 |
---------------+----------------------+-----
Fighting       | 4 5 |  5.3
Shields        | 4 5 6 |  6.1
Long Blades    | 3 4 5 6 7 |  7.2
Armour         | 4 5 |  5.9
Dodging        | 1 2 |  2.5
Stealth        | |  0.4

Action                   |  1- 3 |  4- 6 |  7- 9 || total
-------------------------+-------+-------+-------++-------
Melee: Long sword        |   125 |   165 |    88 ||   378
       Headbutt          |    13 |    32 |    18 ||    63
  Use: Potion            |     3 |       |       ||     3
       Scroll            |       |     9 |       ||     9
  Eat: Chunk             |       |     6 |     2 ||     8
Armor: Scale mail        |    76 |    50 |    29 ||   155
       Chain mail        |       |       |     6 ||     6
Dodge: Dodged            |    48 |    53 |    21 ||   122
Block: Shield            |    76 |   100 |    81 ||   257
       Rpst.: Long sword |    15 |    13 |     9 ||    37

Table legend:
 A = Non-vault XP
 B = Vault XP
 C = Vault XP percentage of total XP
 D = Non-vault monster count
 E = Vault monster count
 F = Vault count percentage of total count
                 A         B        C        D         E       F
            +---------+---------+-------+---------+---------+-------
      Total |    1370 |      35 |   2.5 |     118 |       1 |   0.8
            +---------+---------+-------+---------+---------+-------
        D:1 |      58 |       0 |   0.0 |      31 |       0 |   0.0
        D:2 |      80 |      35 |  30.4 |      20 |       1 |   4.8
        D:3 |      39 |       0 |   0.0 |      13 |       0 |   0.0
        D:4 |     260 |       0 |   0.0 |      20 |       0 |   0.0
        D:5 |     750 |       0 |   0.0 |      27 |       0 |   0.0
        D:6 |     183 |       0 |   0.0 |       7 |       0 |   0.0
            +---------+---------+-------+---------+---------+-------
